Unix NetHack Version 3.7.0-101 Work-in-progress - last build Mar 4 2024 13:34:30 (3c4ac04b664b9ee0831c739617f054b5b60dbfd1,branch:master). Game began 2024-03-14 13:53:19, ended 2024-03-14 16:34:29. misanthrope, neutral male human Wizard ----------- ---------- |..(......| |......).| |.........| |........| |.........| ######.........| #..........| # |........-# #|.........| ---------------- ------# |......>.|# #-.---.----- |%)[?!]?%[.!%%*| |.....######*.)......|## ### # |=%?.*/%*.*%.(.| |....|* ## #---------- # ######## |%))([!?()*)*(.| h@e####:....-### ##*####### # # #### |??....[*.?!?%@-#### ------) ####### # # ---------------- ###### ############ # ################## #### #----|--########### # #|...<.|# ##-.-|-.- #-.....-# |`.)..| |.....| |.....| -----.- ------- # Misanthrope the Thaumaturge St:14 Dx:14 Co:16 In:18 Wi:10 Ch:8 Neutral Dlvl:2 $:0 HP:0(43) Pw:53(53) AC:4 Xp:6/535 T:4650 Burdened Latest messages: The hobbit hits! You kill the hobbit! There is a doorway here. You see here 8 rocks. You see here a crude dagger. "Hello, misanthrope! Welcome again to Asidonhopo's general store!" What do you want to use or apply? [nvwV or ?*] You are now wearing a blindfold. You can't see any more. You hit the floating eye. You kill the floating eye! What do you want to use or apply? [nvwV or ?*] You were wearing a blindfold. You can see again. You see here a green gem (for sale, 400 zorkmids). You see here a food ration (for sale, 60 zorkmids). You see here a red gem (for sale, 4667 zorkmids). You see here a brass lantern (for sale, 16 zorkmids). "For you, esteemed sir; only 16 zorkmids for this brass lantern." You have a little trouble lifting N - a brass lantern (unpaid, 16 zorkmids). What do you want to use or apply? [nvwNV or ?*] What do you want to use or apply? [nvwNV or ?*] You have a little trouble removing $ - 16 gold pieces. You see here 6 rocks (for sale, 42 zorkmids). You see here a crude short sword (for sale, 13 zorkmids). You see here a green gem (for sale, 400 zorkmids). You see here a tinning kit (for sale, 40 zorkmids). A brass lantern for 16 zorkmids. Pay? [yn] (n) You bought a brass lantern for 16 gold pieces. "Thank you for shopping in Asidonhopo's general store!" You hit the floating eye! You are frozen by the floating eye's gaze! You hear someone cursing shoplifters. You hear the chime of a cash register. The dwarf swings his pick-axe. The dwarf hits! The dwarf swings his pick-axe. The dwarf hits! The dwarf swings his pick-axe. The dwarf hits! The dwarf swings his pick-axe. The dwarf hits! The dwarf swings his pick-axe. The dwarf hits! The dwarf swings his pick-axe. The dwarf hits! The dwarf swings his pick-axe. The dwarf hits! You die... Do you want your possessions identified? [ynq] (y) Inventory: Weapons (')') a - a blessed +3 quarterstaff (weapon in hands) Armor ('[') s - an uncursed +0 orcish helm (being worn) b - an uncursed +1 cloak of magic resistance (being worn) D - an uncursed +0 studded leather armor (being worn) Comestibles ('%') M - a cursed food ration Potions ('!') f - 4 uncursed potions of healing Rings ('=') P - an uncursed ring of protection from shape changers d - an uncursed ring of see invisible e - an uncursed ring of shock resistance Wands ('/') V - an uncursed wand of lightning (0:5) Tools ('(') w - an uncursed bag of holding containing 62 items v - an uncursed blindfold N - a blessed brass lantern n - an uncursed skeleton key Contents of the bag of holding: 1337 gold pieces a cursed amulet of flying an uncursed +0 pair of levitation boots a cursed +0 pair of jumping boots a cursed +0 cloak of magic resistance 4 cursed food rations 4 uncursed food rations a cursed scroll of amnesia a blessed scroll of destroy armor an uncursed scroll of destroy armor a cursed scroll of charging a cursed scroll of food detection an uncursed scroll of genocide a cursed scroll of gold detection a cursed scroll of magic mapping an uncursed scroll of earth a blessed scroll of create monster 2 cursed scrolls of remove curse a blessed scroll of confuse monster 2 cursed scrolls of confuse monster a cursed scroll of enchant armor a cursed scroll of light a cursed spellbook of stone to flesh a cursed spellbook of restore ability an uncursed spellbook of cure sickness a cursed spellbook of detect unseen an uncursed spellbook of haste self a cursed spellbook of extra healing a cursed spellbook of wizard lock a cursed spellbook of cause fear an uncursed spellbook of cure blindness a blessed spellbook of force bolt an uncursed spellbook of healing an uncursed spellbook of magic missile an uncursed spellbook of sleep 2 cursed potions of see invisible an uncursed potion of blindness a cursed potion of extra healing 4 cursed potions of fruit juice a cursed potion of full healing an uncursed potion of gain ability a cursed potion of gain ability an uncursed potion of gain energy a cursed potion of healing a cursed potion of levitation 2 cursed potions of monster detection a cursed potion of object detection a cursed potion of restore ability a potion of unholy water a cursed +3 ring of protection an uncursed ring of sustain ability an uncursed ring of slow digestion a cursed +1 ring of gain strength a cursed +4 ring of adornment an uncursed wand of polymorph (0:8) a cursed wand of polymorph (0:6) an uncursed magic marker (0:21) a cursed magic marker (0:20) a cursed magic marker (0:57) an uncursed magic marker (0:19) an uncursed +0 pick-axe an uncursed worthless piece of violet glass Misanthrope the Wizard's attributes: Background: You were a Thaumaturge, a level 6 male human Wizard. You were neutral, nominally on a mission for Thoth who was opposed by Ptah (lawful) and Anhur (chaotic). You were right-handed. You were in the Dungeons of Doom, on level 2. You entered the dungeon 4650 turns ago. You had 535 experience points, 105 more were needed to attain level 7. Basics: You had 0 out of 43 hit points. You had all 53 energy points (spell power). Your armor class was 4. Your wallet was empty, but you had 1337 zorkmids stashed away in your pack. Autopickup was off. Final Characteristics: Your strength was 14 (limit:18/100). Your dexterity was 14 (limit:18). Your constitution was 16 (limit:18). Your intelligence was 18 (limit:18). Your wisdom was 10 (limit:18). Your charisma was 8 (limit:18). Final Status: You weren't hungry. You were burdened; movement was slightly slowed. You were wielding a quarterstaff. You were skilled in quarterstaff. Final Attributes: You were piously aligned. You were magic-protected. You were telepathic. You were warded. You are dead. Miscellaneous: You encountered 1 bones level. Total elapsed playing time was 1 hour, 58 minutes and 17 seconds. Major events: Turn 1: misanthrope the neutral male human Wizard entered the dungeon 880: attained the rank of Conjurer (level 3) 1946: entered the Gnomish Mines 2747: destroyed lurchy's ghost, the former Conjurer 3314: destroyed WizzyTheWeird's ghost, the former Evoker 3871: attained the rank of Thaumaturge (level 6) 4650: killed by a dwarf, while frozen by a floating eye's gaze Vanquished creatures: 2 ghosts a rock mole a shrieker 7 floating eyes a kitten a dwarf a kobold leader 7 hill orcs a rothe a centipede 2 giant bats 2 wererats 3 iguanas an acid blob a gas spore a hobbit 4 manes a hobgoblin a giant rat a brown mold 3 yellow molds 2 green molds 5 gnomes 8 geckos a jackal 2 foxes a kobold 5 goblins 3 sewer rats 10 grid bugs 8 lichens a kobold zombie 8 newts 97 creatures vanquished. No species were genocided or became extinct. Voluntary challenges: You were an atheist. You read items or engraved 17 times. You engraved Elbereth 3 times. You never genocided any monsters. You never polymorphed an object. You never changed form. You used no wishes. Achievements: You attained the rank of Conjurer. You entered a shop. You entered the Gnomish Mines. You attained the rank of Thaumaturge. The Dungeons of Doom: levels 1 to 5 Level 1: Level 2: <- You were here. Final resting place for you, killed by a dwarf, while frozen by a floating eye's gaze. Level 3: "vault" A general store. Stairs down to The Gnomish Mines. Level 4: A fountain. Final resting place for WizzyTheWeird-Wiz-Hum-Mal-Neu, killed by a newt, lurchy-Wiz-Elf-Mal-Cha, killed by a manes. Level 5: The Gnomish Mines: Level 4: Game over: ---------- / \ / REST \ / IN \ / PEACE \ / \ | misanthrope | | 1337 Au | | killed by a | | dwarf | | | | | | 2024 | *| * * * | * _________)/\\_//(\/(/\)/\//\/|_)_______ Goodbye misanthrope the Wizard... You died in The Dungeons of Doom on dungeon level 2 with 3574 points, and 1337 pieces of gold, after 4650 moves. You were level 6 with a maximum of 43 hit points when you died.